 Dungeon Crawl Stone Soup version 0.32-a0-876-gcfddb08e57 (webtiles) character file.

Game seed: 5127072054310450084

686 Autsider the Magician (level 7, -5/36 HPs)
             Began as a Deep Elf Hedge Wizard on Mar 31, 2024.
             Slain by an iguana (11 damage)
             ... on level 4 of the Dungeon.
             The game lasted 00:15:37 (4468 turns).

Autsider the Magician (Deep Elf Hedge Wizard)       Turns: 4468, Time: 00:15:37

Health: -5/36      AC:  3    Str:  7    XL:     7   Next: 35%
Magic:  28/29      EV: 11    Int: 21    God:
Gold:   231        SH:  0    Dex: 14    Spells: 15/21 levels left

rFire   . . .        (no weapon)
rCold   . . .        (no shield)
rNeg    . . .        b - +0 robe
rPois   .            c - +0 hat
rElec   .            e - +0 cloak
rCorr   .            (no gloves)
SInv    .            (no boots)
Will    .....        j - amulet of magic regeneration
Stlth   ++           i - ring of magical power
HPRegen 0.26/turn    (no ring)
MPRegen 0.61/turn

%: no passive effects
@: no status effects
A: no striking features
a: no special abilities


You were on level 4 of the Dungeon.
You visited 1 branch of the dungeon, and saw 4 of its levels.
You also visited: Ossuary.

You collected 231 gold pieces.

Inventory:

Armour
 b - a +0 robe (worn)
 c - a +0 hat (worn)
 e - a +0 cloak (worn)
Magical Staves
 l - a staff of fire
Jewellery
 i - a ring of magical power (left hand)
 j - an amulet of magic regeneration (around neck)
Scrolls
 g - a scroll of immolation {unknown}
 h - 2 scrolls of revelation {unknown}
 k - 2 scrolls of identify {unknown}
 o - a scroll of blinking {unknown}
 p - a scroll of teleportation {unknown}
Potions
 a - 2 potions of brilliance {unknown}
 d - a potion of magic
 f - 7 potions of curing {unknown}
 m - a potion of attraction {unknown}
 n - a potion of heal wounds {unknown}
 q - a potion of lignification {unknown}


   Skills:
 + Level 0.0 Fighting
 - Level 2.4 Dodging
 - Level 2.4 Stealth
 + Level 7.9 Spellcasting
 + Level 5.4 Conjurations
 + Level 3.0 Summonings
 - Level 1.1 Translocations
 + Level 2.0 Air Magic
 - Level 2.0 Alchemy


You had 15 spell levels left.
You knew the following spells:

 Your Spells              Type           Power      Damage    Failure   Level
a - Magic Dart            Conj           100%       1d8       1%          1
b - Mephitic Cloud        Conj/Alch/Air  21%        N/A       7%          3
A - Call Imp              Summ           40%        N/A       3%          2

Your spell library contained the following spells:

 Spells                   Type           Power      Damage    Failure   Level
 Foxfire                  Conj/Fire      76%        2x1d7     2%          1
 Cigotuvi's Dreadful Rot  Necr/Alch/Air  26%        N/A       7%          2
 Blink                    Tloc           24%        N/A       8%          2
 Slow                     Hex            32%        N/A       9%          1
 Frozen Ramparts          Ice            16%        1d3       24%         3
 Ozocubu's Armour         Ice            8%         N/A       24%         3
 Sigil of Binding         Hex            8%         N/A       24%         3
 Metabolic Englaciation   Hex/Ice        4%         N/A       92%         5
 Starburst                Conj/Fire      9%         6d5       99%         6
 Death Channel            Necr           4%         N/A       100%        6
 Plasma Beam              Fire/Air       6%         2x1d16    100%        6
 Sculpt Simulacrum        Ice/Alch       6%         N/A       100%        6


Dungeon Overview and Level Annotations

Branches:
Dungeon (4/15)            Ossuary (visited)
 Temple: D:4-7

Altars:

Annotations:
D:4 Sigmund


Message History

Casting: Magic Dart (safe; 1% risk of failure)
Confirm with . or Enter, or press ? or * to list all spells.
Aiming: Magic Dart (safe; 1% risk of failure)
Press: ? - help, Shift-Dir - straight line, f/p - iguana
Aim: an iguana (severely wounded, ally target, 100% to hit)
The magic dart hits the iguana but does no damage.
The iguana is severely wounded.
The iguana bites you.
* * * LOW HITPOINT WARNING * * *
Your cerulean imp hits the iguana with a -2 spear.
Casting: Magic Dart (safe; 1% risk of failure)
Confirm with . or Enter, or press ? or * to list all spells.
Aiming: Magic Dart (safe; 1% risk of failure)
Press: ? - help, Shift-Dir - straight line, f/p - iguana
Aim: an iguana (severely wounded, ally target, 100% to hit)
The magic dart hits the iguana but does no damage.
The iguana is severely wounded.
The iguana bites you.
* * * LOW HITPOINT WARNING * * *
Your cerulean imp completely misses the iguana.
Casting: Magic Dart (safe; 1% risk of failure)
Confirm with . or Enter, or press ? or * to list all spells.
Aiming: Magic Dart (safe; 1% risk of failure)
Press: ? - help, Shift-Dir - straight line, f/p - iguana
Aim: an iguana (severely wounded, ally target, 100% to hit)
The magic dart hits the iguana.
The iguana is severely wounded.
The iguana bites you.
* * * LOW HITPOINT WARNING * * *
Your cerulean imp hits the iguana but does no damage.
The iguana misses you.
Your cerulean imp hits the iguana but does no damage.
The iguana bites your cerulean imp!
Your cerulean imp dies!
Your cerulean imp disappears in a puff of smoke!
Casting: Magic Dart (safe; 1% risk of failure)
Confirm with . or Enter, or press ? or * to list all spells.
A tiny devil pulls itself out of the air.
The iguana bites you!
You die...

## ##.####...##'####.##+
#s. #....................
#.?. #....<#########......
#....
#.....#.#.#.'.#....).
#....#.....#'#'#'###......
#....'....)#.'...'.#......
##+######.####...########.
##l##.'...'.###.##.
#.@.#'#'#'####..#..
#..5#.#.#...'...'..
##.##########...##. ###
#######


You could see an iguana (ally target) and a friendly cerulean imp (summoned).

Vanquished Creatures
  A weeping skull (Ossuary)
  A scorpion (Ossuary)
  A water moccasin zombie (Ossuary)
  A bullfrog zombie (Ossuary)
  3 centaur zombies (Ossuary)
  A hound (D:4)
  2 human skeletons (D:4)
  Natasha (thrice) (D:2)
  An ogre zombie (Ossuary)
  7 adders
  4 adder zombies (Ossuary)
  A dart slug (D:2)
  2 ribbon worms
  An orc (D:4)
  5 ball pythons
  9 endoplasms
  5 giant cockroaches
  8 goblins
  3 hobgoblins
  5 kobolds
  4 quokkas
  5 bats
  4 frilled lizards
  A gnoll zombie (Ossuary)
  4 goblin zombies (Ossuary)
  3 hobgoblin zombies (Ossuary)
  2 orc skeletons (D:4)
  4 orc zombies
  11 rats
102 creatures vanquished.

Vanquished Creatures (collateral kills)
  Terence (D:2)
  2 adder zombies (Ossuary)
  A kobold (D:3)
  An orc zombie (D:4)
5 creatures vanquished.

Grand Total: 107 creatures vanquished

Notes
Turn   | Place    | Note
-------+----------+-------------------------------------------
     0 | D:1      | Autsider the Deep Elf Hedge Wizard began the quest for the
                  | Orb.
     0 | D:1      | Reached XP level 1. HP: 10/10 MP: 7/7
   309 | D:1      | Reached XP level 2. HP: 15/15 MP: 7/9
   754 | D:1      | Reached skill level 5 in Spellcasting
   831 | D:1      | Learned a level 2 spell: Call Imp
   864 | D:1      | Reached XP level 3. HP: 19/19 MP: 8/11
  1030 | D:2      | Noticed Terence
  1206 | D:2      | Noticed Natasha
  1223 | D:2      | Killed Natasha
  1224 | D:2      | Reached XP level 4. HP: 9/24 MP: 1/13
  1656 | D:2      | Learned a level 3 spell: Mephitic Cloud
  1670 | D:2      | Noticed Natasha
  1681 | D:2      | Killed Natasha
  1949 | D:2      | Reached XP level 5. HP: 28/28 MP: 11/15
  2020 | D:2      | Reached skill level 1 in Air Magic
  2020 | D:2      | Reached skill level 1 in Alchemy
  2055 | D:2      | Found a faded altar of an unknown god.
  2251 | D:2      | Noticed Natasha
  2256 | D:2      | Killed Natasha
  2938 | D:3      | Reached skill level 6 in Spellcasting
  3392 | D:2      | Killed Terence
  3569 | D:4      | Reached XP level 6. HP: 21/32 MP: 17/17
  3610 | D:4      | Found a sand-covered staircase.
  3669 | Ossuary  | Entered an ossuary
  3813 | Ossuary  | HP: 1/32 [adder zombie (2)]
  3974 | Ossuary  | Reached skill level 7 in Spellcasting
  4097 | Ossuary  | Reached XP level 7. HP: 36/36 MP: 19/19
  4123 | Ossuary  | Reached skill level 5 in Conjurations
  4221 | Ossuary  | Noticed a silent spectre
  4280 | D:4      | Identified the +0 scale mail "Daniki Neips" {Fly rElec rN+
                  | Will-}
  4419 | D:4      | Noticed Sigmund
  4468 | D:4      | Slain by an iguana

Illustrated notes

Levels and vault maps discovered:
D:1:      spicycebolla_arrival_clurvy, layout_basic
D:2:      layout_loops_ring, ebering_ecumenical_altar_mist, uniq_natasha,
          uniq_terence
D:3:      layout_basic, minmay_misc_feat_hallway, serial_bayou_pond_b
D:4:      kennysheep_the_goblin_king, layout_gridville,
          nicolae_ossuary_entry_catacombs, uniq_ijyb, uniq_robin, uniq_sigmund

Skill      XL: |  1  2  3  4  5  6  7 |
---------------+----------------------+-----
Spellcasting   | 5 6 7 |  7.9
Conjurations   | 2 3 4 5 |  5.4
Summonings     | 2 3 |  3.0
Air Magic      | 2 |  2.0
Alchemy        | 2 |  2.0
Dodging        | |  2.4
Stealth        | |  2.4
Translocations | |  1.1

Action                     |  1- 3 |  4- 6 |  7- 9 || total
---------------------------+-------+-------+-------++-------
   Cast: Magic Dart        |    74 |   225 |    46 ||   345
         Call Imp          |     2 |    15 |     4 ||    21
         Mephitic Cloud    |       |     1 |       ||     1
 Armour: Robe              |     8 |    59 |    11 ||    78
  Dodge: Dodged            |     6 |    50 |     8 ||    64

Table legend: (Time is in decaauts)
 A = Elapsed time spent in this place.
 B = Non-inter-level travel time spent in this place.
 C = Inter-level travel time spent in this place.
 D = Time resting spent in this place.
 E = Time spent auto-exploring this place.
 F = Levels seen in this place.
 G = Mean time per level.
                   A        B        C        D        E       F      G
               +--------+--------+--------+--------+--------+-----+--------+
         Total |   4468 |   4206 |    262 |    634 |   2678 |   5 |  893.6 |
       Dungeon |   3879 |   3617 |    262 |    385 |   2652 |   4 |  969.8 |
       Ossuary |    588 |    588 |      0 |    249 |     26 |   1 |  588.0 |
               +--------+--------+--------+--------+--------+-----+--------+

Top non-repeatable levels by time:
     D:2: 1617 daAuts
     D:1: 959 daAuts
     D:3: 893 daAuts
 Ossuary: 588 daAuts
     D:4: 409 daAuts
